Map: Jar Graystone

Players

Midou

  • Race: Protoss Protoss
  • Spawn Location: 5:00

MuczoPB

  • Race: Protoss Protoss
  • Spawn Location: 3:00

Gracz - Winner!

  • Race: Terran Terran
  • Spawn Location: 11:00

Boneclaw - Winner!

  • Race: Protoss Protoss
  • Spawn Location: 9:00

VOD

Have the link to the VOD?

Description

Time

  • Played on: Feb. 23, 2016, 11:52 a.m.
  • Length: 7:55
Show
View Real Time Build Order
Export as new Build Order

Midou Protoss 

Build Orders: Cannon Rush 

Get SALT Encoding   

  12  0:07  Probe (Chrono Boost)  
  13  0:17  Probe (Chrono Boost)  
  14  0:21  Pylon  
  14  0:33  Pylon  
  14  0:42  Assimilator  
  14  0:51  Forge  
  14  0:55  Probe (Chrono Boost)  
  15  1:05  Probe (Chrono Boost)  
  16  1:16  Probe (Chrono Boost)  
  17  1:26  Probe (Chrono Boost)  
  18  1:34  Photon Cannon  
  18  1:35  Photon Cannon  
  18  1:53  Photon Cannon  
  18  1:57  Photon Cannon  
  18  2:09  Assimilator  
  18  2:14  Gateway  
  18  2:23  Gateway  
  18  2:34  Gateway  
  18  2:45  Pylon  
  18  2:56  Gateway  
  18  3:02  Probe (Chrono Boost)  
  19  3:16  Cybernetics Core  
  19  3:56  Zealot x4  
  27  4:12  Mothership Core (Chrono Boost)  
  29  4:23  Zealot x3  
  29  4:24  Zealot  
  37  4:50  Zealot  
  39  4:59  Warp Gate (Chrono Boost)  
  39  6:15  Zealot  
  39  6:17  Stargate, Zealot  
  39  6:18  Zealot  
  39  6:19  Stargate  
  39  6:20  Zealot  
  39  6:39  Photon Cannon  
  39  6:53  Zealot  
  39  6:57  Zealot  
  39  7:03  Zealot  
  39  7:04  Zealot  
Show
View Real Time Build Order
Export as new Build Order

MuczoPB Protoss 

Build Orders:  

Get SALT Encoding   

  12  3:06  Assimilator  
  12  3:07  Probe (Chrono Boost)  
  13  3:18  Probe (Chrono Boost)  
  14  3:28  Probe (Chrono Boost)  
  13  3:39  Probe (Chrono Boost)  
  10  3:49  Probe (Chrono Boost)  
    4:38  Probe (Chrono Boost)  
  1  4:48  Probe (Chrono Boost)  
  1  4:59  Probe (Chrono Boost)  
  2  5:09  Probe (Chrono Boost)  
  3  5:20  Probe (Chrono Boost)  
  4  5:30  Probe (Chrono Boost)  
  5  5:41  Probe (Chrono Boost)  
  6  5:51  Probe (Chrono Boost)  
  7  6:02  Probe (Chrono Boost)  
Show
View Real Time Build Order
Export as new Build Order

Gracz Terran - Winner!

Build Orders:  

Get SALT Encoding   

  12  0:11  Refinery  
  12  0:13  SCV  
  13  0:26  Supply Depot  
  13  0:27  SCV  
  14  0:48  Barracks  
  14  0:52  SCV  
  14  0:55  Refinery  
  15  1:04  SCV  
  16  1:18  SCV  
  17  1:35  Orbital Command  
  17  1:43  Barracks, Barracks Reactor  
  17  2:05  SCV  
  18  2:17  SCV  
  18  2:20  Factory  
  18  2:21  Reaper  
  20  2:23  Reaper  
  20  2:29  SCV  
  22  2:41  SCV  
  23  2:45  Factory  
  23  2:50  Barracks Reactor  
  23  3:11  Supply Depot  
  23  3:32  Starport  
  23  3:42  Starport, Command Center  
  23  3:53  Starport  
  23  4:08  Reaper x2  
  25  4:11  Starport Tech Lab  
  25  4:19  Factory Tech Lab  
  25  4:20  Factory Tech Lab  
  25  4:23  Starport Tech Lab  
  25  4:26  Refinery  
  25  4:35  SCV  
  26  4:39  Refinery, Starport Tech Lab  
  26  4:47  Engineering Bay, SCV  
  27  4:53  Siege Tank  
  27  4:59  SCV  
  31  5:08  SCV  
  32  5:20  SCV  
  33  5:29  Armory  
  33  5:32  SCV  
  34  5:38  Banshee x2  
  34  5:40  Banshee  
  39  6:54  SCV  
  39  6:57  Hellion x2  
  44  7:04  Banshee x3  
  44  7:06  SCV  
  54  7:29  Hellion, SCV  
  54  7:30  Hellion  
  47  7:41  SCV  
  48  7:48  Fusion Core  
Show
View Real Time Build Order
Export as new Build Order

Boneclaw Protoss - Winner!

Build Orders:  

Get SALT Encoding   

  12  0:01  Probe (Chrono Boost)  
  13  0:12  Probe (Chrono Boost)  
  14  0:22  Probe (Chrono Boost)  
  14  0:28  Pylon  
  15  0:46  Probe (Chrono Boost)  
  16  0:50  Gateway  
  16  0:51  Gateway  
  17  0:57  Probe (Chrono Boost)  
  17  1:06  Assimilator  
  17  1:07  Probe (Chrono Boost)  
  18  1:18  Probe (Chrono Boost)  
  19  1:28  Probe (Chrono Boost)  
  20  1:38  Pylon  
  20  1:39  Probe (Chrono Boost)  
  21  1:42  Cybernetics Core  
  21  1:44  Zealot  
  23  1:48  Assimilator  
  23  1:57  Probe (Chrono Boost)  
  24  2:07  Probe (Chrono Boost)  
  25  2:17  Probe (Chrono Boost)  
  25  2:20  Warp Gate (Chrono Boost)  
  26  2:24  Gateway  
  26  2:26  Gateway  
  26  2:29  Probe  
  27  2:30  Pylon  
  27  2:42  Probe  
  27  2:52  Pylon  
  27  2:59  Pylon  
  27  3:03  Stalker x2  
  31  3:08  Probe  
  32  3:20  Probe  
  33  3:49  Robotics Facility  
  33  3:55  Gateway  
  33  3:59  Twilight Council  
  33  4:03  Pylon x2  
  33  4:36  Stalker x2  
  33  4:37  Stalker x2  
  41  4:39  Nexus  
  41  4:45  Warp Prism (Chrono Boost)  
  43  5:18  Stalker x2  
  43  5:19  Stalker  
  43  5:21  Stalker  
  51  5:48  Stalker x2  
  51  5:49  Stalker x2  
  59  5:50  Sentry  
  59  6:22  Stalker x2  
  59  6:23  Stalker x2  
  59  6:24  Stalker  
  55  7:10  Stalker x3  
  55  7:11  Stalker x2  
  61  7:49  Stalker x2  
  61  7:50  Stalker x3  
Tags
 
Add a new tag
Caveats
  • Supply blocks, unpowered buildings, or Contaminate may cause inaccurate times.
  • Supply counts are checked every 10 seconds.